 Dungeon Crawl Stone Soup version 0.25-a0-2-g6559c6c67a (webtiles) character file.

Game seed: 14858686070114350437, levelgen mode: deterministic

17 Froggeryz the Cudgeler (level 2, -10/19 HPs)
             Began as a Kobold Chaos Knight on Oct 14, 2019.
             Was a Plaything of Xom.
             Mangled by a kobold
             ... wielding a +0 dagger of electrocution
              (14 damage)
             ... on level 1 of the Dungeon.
             The game lasted 00:01:34 (855 turns).

Froggeryz the Cudgeler (Kobold Chaos Knight)         Turns: 855, Time: 00:01:34

Health: -10/19     AC:  5    Str: 14    XL:     2   Next: 80%
Magic:  2/2        EV: 14    Int: 18    God:    Xom [....*.]
Gold:   68         SH:  0    Dex: 14    Spells: 1/1 levels left

rFire    . . .     SeeInvis .   a - +0 mace (chaos)
rCold    . . .     Gourm    .   (shield restricted)
rNeg     . . .     Faith    .   b - +2 leather armour
rPois    .         Spirit   .   (no helmet)
rElec    .         Reflect  .   (no cloak)
rCorr    .         Harm     .   (no gloves)
MR       .....                  (no boots)
Stlth    +.........             g - amulet of inaccuracy (curse)
HPRegen  0.06/turn              d - ring of wizardry
MPRegen  0.08/turn              (no ring)

@: mighty, brilliant
A: small, carnivore
a: Renounce Religion


You were on level 1 of the Dungeon.
You worshipped Xom.
You were a beloved toy of Xom.
You were very full.

You visited 1 branch of the dungeon, and saw 1 of its levels.

You collected 68 gold pieces.

Inventory:

Hand Weapons
 a - a +0 mace of chaos (weapon)
Armour
 b - a +2 leather armour (worn)
Jewellery
 d - a ring of wizardry (left hand)
 g - a cursed amulet of inaccuracy (around neck)
Scrolls
 h - a scroll of teleportation {unknown}
Potions
 e - 2 potions of brilliance
Comestibles
 c - 2 rations


   Skills:
 - Level 3.2 Fighting
 * Level 3.5 Maces & Flails
 - Level 0.7 Armour
 - Level 2.4 Dodging


You had one spell level left.
You didn't know any spells.
Your spell library was empty.

Dungeon Overview and Level Annotations

Branches:
Dungeon (1/15)

Altars:


Innate Abilities, Weirdness & Mutations

You are small and have problems with some larger weapons.
You are carnivorous and can eat meat at any time.


Message History

The kobold is severely wounded.
The kobold closely misses you. The kobold hits you but does no damage.
You are electrocuted!
Ouch! That really hurt!
* * * LOW HITPOINT WARNING * * *
You are too injured to fight recklessly!
You are too injured to fight recklessly!
You are too injured to fight recklessly!
Press: ? - help, v - describe, . - travel
Here: a kobold, wielding a +0 dagger of electrocution (heavily wounded)
The floor.
Unknown command.
It was a potion of brilliance.
You feel clever all of a sudden. The kobold closely misses you.
You feel very mighty all of a sudden. The kobold hits you but does no damage.
You are electrocuted!
Ouch! That really hurt!
You die...
Xom titters!

..# ..# #.# ##### ###.# ..# #.#
... ..#.###### ..# #.# #.#
#.#.#....# ..#
#.###+###K####.#.#.###### ..#
#.......@......#.#....... ..#
#..............#.########
..#######.....÷..................
..'...........÷##'#....#.########
..#######.#....##.##.#.#.#
..'.......#....##.##...#.#
..#########...>.#.######.#
........ ...###.#........#
.##############.#.........


You could see a kobold.

Vanquished Creatures
  4 goblins (D:1)
  A hobgoblin (D:1)
  4 jackals (D:1)
  4 frilled lizards (D:1)
  2 rats (D:1)
15 creatures vanquished.

Vanquished Creatures (collateral kills)
  A giant cockroach (D:1)
  A kobold (D:1)
2 creatures vanquished.

Grand Total: 17 creatures vanquished

Notes
Turn   | Place    | Note
-------+----------+-------------------------------------------
     0 | D:1      | Froggeryz the Kobold Chaos Knight began the quest for the
                  | Orb.
     0 | D:1      | Reached XP level 1. HP: 14/14 MP: 1/1
   112 | D:1      | Reached XP level 2. HP: 13/19 MP: 2/2
   242 | D:1      | XOM: butterfly on damage
   244 | D:1      | XOM: summons 2 friendly demons
   855 | D:1      | Mangled by a kobold

Levels and vault maps discovered:
D:1:      nzn_arrival_crosshair, layout_basic

Skill      XL: |  1 |
---------------+----+-----
Maces & Flails | 3 |  3.5
Fighting       | |  3.2
Armour         | |  0.7
Dodging        | |  2.4

Action                   || total
-------------------------++-------
Melee: Mace              ||    49
  Use: Potion            ||     2
       Scroll            ||     1
 Stab: Paralysed         ||     2
       Sleeping          ||     2
  Eat: Chunk             ||     7
Armor: Leather armour    ||    15
Dodge: Dodged            ||    48

Table legend:
 A = Non-vault XP
 B = Vault XP
 C = Vault XP percentage of total XP
 D = Non-vault monster count
 E = Vault monster count
 F = Vault count percentage of total count
                 A         B        C        D         E       F
            +---------+---------+-------+---------+---------+-------
      Total |      25 |       0 |   0.0 |      17 |       0 |   0.0
            +---------+---------+-------+---------+---------+-------
        D:1 |      25 |       0 |   0.0 |      17 |       0 |   0.0
            +---------+---------+-------+---------+---------+-------
